 Dungeon Crawl Stone Soup version 0.19-a0-1071-g4ed3155 (webtiles) character file.

966 aronpayne the Ruffian (level 7, -3/108 HPs)
             Began as a Troll Fighter on Aug 5, 2016.
             Was an Initiate of Qazlal.
             Slain by a two-headed ogre
             ... wielding a +0 giant club
             ... created by the fury of Okawaru
              (17 damage)
             ... on level 5 of the Dungeon.
             The game lasted 00:16:20 (3787 turns).

aronpayne the Ruffian (Troll Fighter)               Turns: 3787, Time: 00:16:21

Health: -3/108     AC:  3    Str: 31    XL:     7   Next: 93%
Magic:  6/6        EV: 10    Int:  4    God:    Qazlal [......]
Gold:   202        SH:  0    Dex: 10    Spells: 0 memorised, 6 levels left

rFire  . . .     SeeInvis .       - Unarmed
rCold  . . .     Gourm    +     (armour restricted)
rNeg   . . .     Faith    .     (no shield)
rPois  .         Spirit   .     (helmet restricted)
rElec  .         Dismiss  .     (no cloak)
rCorr  .         Reflect  .     (gloves unavailable)
SustAt .         Harm     .     (boots unavailable)
MR     .....                    j - amulet of rage
Stlth  ..........               (no ring)
                                (no ring)

@: berserking, very quick
A: unfitting armour, claws 3, fast metabolism 3, gourmand, regeneration 2,
shaggy fur 1, tough skin 2
a: Renounce Religion, Evoke Berserk Rage


You were on level 5 of the Dungeon.
You worshipped Qazlal.
Qazlal was noncommittal.
You were full.

You visited 2 branches of the dungeon, and saw 6 of its levels.

You collected 202 gold pieces.

Inventory:

Missiles
 c - 12 javelins (quivered)
Jewellery
 j - an amulet of rage (around neck)
Scrolls
 e - 5 scrolls of identify {unknown}
 g - a scroll of random uselessness {unknown}
 h - a scroll of recharging {unknown}
 k - a scroll of amnesia {unknown}
 o - 3 scrolls of teleportation {unknown}
 p - a scroll of remove curse {unknown}
 q - a scroll of magic mapping {unknown}
 t - a scroll of fear {unknown}
 v - a scroll of enchant weapon {unknown}
Potions
 a - 2 potions of berserk rage {unknown}
 b - a potion of ambrosia {unknown}
 d - a potion of might
 i - a potion of degeneration {unknown}
 l - a potion of cure mutation {unknown}
 m - a potion of flight {unknown}
Comestibles
 f - 3 bread rations
 n - a beef jerky
 r - a slice of pizza
 s - 2 meat rations
 u - a royal jelly


   Skills:
 + Level 5.0 Fighting
   Level 1.7 Maces & Flails
 + Level 4.4 Throwing
 - Level 2.4 Dodging
   Level 2.4 Shields
 + Level 5.2 Unarmed Combat


You had 6 spell levels left.
You didn't know any spells.

Dungeon Overview and Level Annotations

Branches:
Dungeon (5/15)             Temple (1/1) D:4

Altars:
Cheibriados
Elyvilon
Fedhas
Kikubaaqudgha
Makhleb
Okawaru
Pakellas
Qazlal
Ru
Trog
Uskayaw
Vehumet
Xom
Yredelemnul
Zin
The Shining One


Innate Abilities, Weirdness & Mutations

You are too large for most types of armour.
You have claws for hands.
Your metabolism is lightning-fast.
You like to eat raw meat.
You heal very quickly.
You are covered in fur. (AC +1)
You have very tough skin. (AC +2)


Message History

A two-headed ogre and a hill giant come into view.
You claw the hill giant!
The hill giant is moderately wounded.
You feel yourself speed up.
The two-headed ogre hits you with a giant club!!
The two-headed ogre hits you with a giant club!
A red film seems to cover your vision as you go berserk!
You feel yourself moving faster!
You feel mighty!
You scratch the two-headed ogre.
The two-headed ogre is lightly wounded.
The two-headed ogre hits you with a giant club!!
The two-headed ogre barely misses you.
You mangle the two-headed ogre!!
The two-headed ogre is severely wounded.
You scratch the two-headed ogre.
The two-headed ogre is severely wounded.
The two-headed ogre hits you with a giant club!!
* * * LOW HITPOINT WARNING * * *
The two-headed ogre hits you with a giant club!
You die...

#..........##.##
##.##########.#
#.# #.# #.# #+#
#.# #.## #..##
####...####
........CO@+
#####...####
##..# ##.# ...
#.# ###


You could see a hill giant and a two-headed ogre.

Vanquished Creatures
  Pikel (D:4)
  Sigmund (D:3)
  An ogre (D:4)
  A crimson imp (D:4)
  2 hounds (D:4)
  An iguana (D:3)
  A worker ant (D:4)
  5 adders
  An ooze (D:5)
  A worm (D:3)
  3 giant geckos
  4 orcs (D:4)
  3 bats
  4 giant cockroaches
  8 goblins
  3 hobgoblins
  4 jackals (D:2)
  6 kobolds
  A quokka (D:2)
  2 ball pythons
  3 giant newts
  A quokka skeleton (D:4)
  8 rats
65 creatures vanquished.

Notes
Turn   | Place    | Note
-------+----------+-------------------------------------------
     0 | D:1      | aronpayne the Troll Fighter began the quest for the Orb.
     0 | D:1      | Reached XP level 1. HP: 22/22 MP: 0/0
   383 | D:1      | Reached skill level 1 in Unarmed Combat
   383 | D:1      | Reached XP level 2. HP: 20/29 MP: 1/1
  1126 | D:2      | Found a shimmering altar of Xom.
  1231 | D:2      | Reached XP level 3. HP: 32/36 MP: 2/2
  1346 | D:2      | Found an iron altar of Okawaru.
  1440 | D:2      | Became a worshipper of Warmaster Okawaru
  1499 | D:2      | Found a faded altar of an unknown god.
  1561 | D:2      | Reached skill level 1 in Throwing
  1996 | D:3      | Reached XP level 4. HP: 43/45 MP: 3/3
  2178 | D:3      | Found a white marble altar of Elyvilon.
  2226 | D:3      | Noticed Sigmund
  2239 | D:3      | Killed Sigmund
  2239 | D:3      | Reached XP level 5. HP: 21/54 MP: 4/4
  2437 | D:3      | Reached * piety under Okawaru
  2437 | D:3      | Reached XP level 6. HP: 18/62 MP: 5/5
  2953 | D:4      | Noticed a slave
  2954 | D:4      | Noticed Pikel
  2955 | D:4      | Noticed a slave
  2955 | D:4      | Noticed a slave
  2955 | D:4      | Noticed a slave
  2973 | D:4      | Killed Pikel
  2973 | D:4      | Reached ** piety under Okawaru
  2973 | D:4      | Reached XP level 7. HP: 15/71 MP: 6/6
  3101 | D:4      | Found a staircase to the Ecumenical Temple.
  3118 | Temple   | Entered the Ecumenical Temple
  3302 | Temple   | Fell from the grace of Okawaru
  3302 | Temple   | Became a worshipper of Qazlal Stormbringer
  3524 | D:4      | Reached skill level 5 in Fighting
  3524 | D:4      | Reached skill level 5 in Unarmed Combat
  3750 | D:5      | Entered Level 5 of the Dungeon
  3780 | D:5      | Noticed a hill giant
  3780 | D:5      | Noticed a two-headed ogre
  3787 | D:5      | Slain by a two-headed ogre

Vault maps used:
D:1:      evilmike_arrival_crescent
D:2:      okawaru_gym_becter, first_bread, ecumenical_altar_1, xom_teletrap_fun
D:3:      marbit_many_paths, uniq_sigmund
D:4:      uniq_pikel
D:5:      nicolae_overflow_crystal_walls, basic_altar
Temple:   nicolae_temple_figure_eight

Skill      XL: |  1  2  3  4  5  6  7 |
---------------+----------------------+-----
Unarmed Combat | 1 3 4 5 |  5.2
Fighting       | 3 4 5 |  5.0
Throwing       | 1 2 4 |  4.4
Maces & Flails | |  1.7
Dodging        | |  2.4
Shields        | |  2.4

Action                   |  1- 3 |  4- 6 |  7- 9 || total
-------------------------+-------+-------+-------++-------
Melee: Unarmed           |   102 |    83 |    30 ||   215
       Flail             |     9 |       |       ||     9
       Punch             |       |     1 |       ||     1
Throw: Javelin           |     4 |     3 |       ||     7
 Abil: Evoke Berserk Rag |       |       |     1 ||     1
 Stab: Sleeping          |     3 |       |     1 ||     4
  Eat: Chunk             |    19 |     9 |     4 ||    32
       Bread ration      |     1 |       |       ||     1
Armor: Skin              |    27 |     6 |     2 ||    35
       Robe              |     1 |       |       ||     1
Dodge: Dodged            |    61 |    45 |    11 ||   117
Block: Shield            |     7 |       |       ||     7
